 Dungeon Crawl Stone Soup version bcrawl-1.21 (webtiles) character file.

Game seed: 2273442960620162657

221 Freyura the Cudgeler (level 5, -2/37 HPs)
             Began as a Demonspawn Chaos Knight on Feb 13, 2020.
             Was a Plaything of Xom.
             Slain by an orc
             ... wielding a +0 whip
              (4 damage)
             ... on level 4 of the Dungeon.
             The game lasted 00:07:15 (3523 turns).

Freyura the Cudgeler (Demonspawn Chaos Knight)      Turns: 3523, Time: 00:07:15

Health: -2/37      AC:  7    Str: 10    XL:     5   Next: 65%
Magic:  4/4        EV: 12    Int: 13    God:    Xom [*.....]
Gold:   221        SH:  0    Dex: 16    Spells: 4/4 levels left

rFire    . . .     SeeInvis .   a - +0 mace (chaos)
rCold    + + .     Gourm    .   (no shield)
rNeg     . . .     Faith    .   b - +2 leather armour
rPois    .         Spirit   .   (no helmet)
rElec    .         Reflect  .   (no cloak)
rCorr    .         Harm     .   n - +1 pair of gloves
MR       +....                  (no boots)
Stlth    +.........             (no amulet)
HPRegen  0.12/turn              g - ring of protection from magic
MPRegen  0.09/turn              h - ring of protection from cold

@: lethally poisoned (-2 -> -4), drained
A: agile 1, cold resistance 1, frail 1, low mp 1, weak 1, sturdy frame 2
a: Renounce Religion


You were on level 4 of the Dungeon.
You worshipped Xom.
You were a special plaything of Xom.
You were not hungry.

You visited 1 branch of the dungeon, and saw 4 of its levels.

You collected 221 gold pieces.

Inventory:

Hand Weapons
 a - a +0 mace of chaos (weapon)
Armour
 b - a +2 leather armour (worn)
 n - a +1 pair of gloves (worn)
Jewellery
 g - a ring of protection from magic (left hand)
 h - a ring of protection from cold (right hand)
Scrolls
 i - 2 scrolls of identify
 j - 2 scrolls of amnesia
Potions
 c - a potion of heal wounds
 k - a potion of invisibility
Comestibles
 e - 7 rations {!d}


   Skills:
 + Level 3.9(3.3) Fighting
 * Level 4.2(3.6) Maces & Flails
 + Level 2.8(2.3) Armour
 + Level 2.2(1.7) Dodging


You had 4 spell levels left.
You didn't know any spells.
Your spell library contained the following spells:

 Spells                   Type           Power        Failure   Level  Hunger
 Confuse                  Hex            #.......     67%         3    ####...
 Dazzling Spray           Conj/Hex       #.....       67%         3    ####...
 Petrify                  Tmut/Erth      #.......     97%         4    #####..
 Yara's Violent Unravell  Hex/Tmut       #.........   97%         4    #####..
 Metabolic Englaciation   Hex/Ice        #.........   100%        5    ######.
 Mana Rupture             Conj/Hex       #.........   100%        7    #######


Dungeon Overview and Level Annotations

Branches:
Dungeon (4/12)
 Temple: D:4-7

Altars:
Ashenzari
Cheibriados
Elyvilon
Fedhas
Kikubaaqudgha
Makhleb
Ru
Xom
Yredelemnul


Innate Abilities, Weirdness & Mutations

Your movements are less encumbered by armour. (ER -4)
You are agile. (Dex +2)
Your flesh is cold resistant. (rC+)
You are frail. (-10% HP)
Your magical capacity is low. (-10% MP)
You are weak. (Str -2)


Message History

The orc wizard closely misses you. The orc hits you but does no damage.
You hit the orc wizard. You burn the orc wizard.
The orc wizard is moderately wounded.
You feel sick.
The orc wizard points at you and mumbles some strange words.
The puff of flame misses you.
The puff of flame hits the orc.
The orc closely misses you.
You hit the orc wizard but do no damage.
You drain the orc wizard.
The orc wizard is heavily wounded.
A dart slug comes into view.
The orc wizard casts a spell at you. The puff of flame hits you!
The orc closely misses you.
You hit the orc wizard.
The orc wizard is heavily wounded.
The orc wizard casts a spell at you. The puff of flame hits you!
* * * LOW HITPOINT WARNING * * *
The orc hits you with a +0 whip.
You die...

##. ##..##
##....#
.....##
#§§§### .
#§§§§###...
##§§§§§....
##o§.§.##
#@§§§##
.w....§o§§§#
......§§§§.#
..####...._.#
##.....#
##....# .....
#.....


You could see an orc wizard, a dart slug and an orc.

Vanquished Creatures
  A hound (D:3)
  An iguana (D:3)
  A worker ant (D:4)
  3 adders
  An ooze (D:1)
  A worm (D:3)
  2 leopard geckos
  9 orcs
  6 bats
  4 giant cockroaches
  2 goblins (D:1)
  7 hobgoblins
  2 quokkas
  3 ball pythons (D:3)
  6 frilled lizards
  4 kobolds
  A rat (D:1)
54 creatures vanquished.

Vanquished Creatures (collateral kills)
  An orc priest (D:3)
  An orc wizard (D:3)
2 creatures vanquished.

Grand Total: 56 creatures vanquished

Notes
Turn   | Place    | Note
-------+----------+-------------------------------------------
     0 | D:1      | Freyura the Demonspawn Chaos Knight began the quest for the
                  | Orb.
     0 | D:1      | Reached XP level 1. HP: 18/18 MP: 1/1
    94 | D:1      | Reached skill level 1 in Dodging
   358 | D:1      | XOM: silly message
   437 | D:1      | Gained mutation: Your movements are slightly less
                  | encumbered by armour. (ER -2) [demonic ancestry]
   437 | D:1      | Reached XP level 2. HP: 24/24 MP: 2/2
   509 | D:1      | Reached skill level 3 in Maces & Flails
   552 | D:1      | XOM: summons 1 hostile demon
  1056 | D:2      | Found a basalt altar of Yredelemnul.
  1183 | D:2      | XOM: give mutations
  1183 | D:2      | Gained mutation: You are frail. (-10% HP) [Xom's mischief]
  1183 | D:2      | Gained mutation: Your magical capacity is low. (-10% MP)
                  | [Xom's mischief]
  1183 | D:2      | Gained mutation: You are weak. (Str -2) [Xom's mischief]
  1196 | D:2      | Found an ancient bone altar of Kikubaaqudgha.
  1196 | D:2      | Found a white marble altar of Elyvilon.
  1197 | D:2      | Gained mutation: Your movements are less encumbered by
                  | armour. (ER -4) [demonic ancestry]
  1197 | D:2      | Reached XP level 3. HP: 26/26 MP: 2/2
  1199 | D:2      | Found a sacrificial altar of Ru.
  1202 | D:2      | Found a snail-covered altar of Cheibriados.
  1203 | D:2      | Found a blossoming altar of Fedhas.
  1377 | D:2      | XOM: noise
  1524 | D:2      | Found a burning altar of Makhleb.
  1524 | D:2      | Found a shattered altar of Ashenzari.
  1575 | D:2      | XOM: summons 1 hostile demon
  1681 | D:3      | Reached XP level 4. HP: 22/31 MP: 3/3
  1931 | D:3      | XOM: polymorph adder -> iguana
  1939 | D:3      | XOM: butterfly on damage
  2046 | D:3      | XOM: torment (11/32 hp)
  2095 | D:3      | XOM: medium Air miscast
  2515 | D:3      | XOM: summons 2 hostile shadow creatures
  2720 | D:3      | XOM: draining
  2731 | D:3      | XOM: medium Pois miscast
  2734 | D:3      | XOM: confusion
  2737 | D:3      | XOM: cast spell 'Summon Scorpions'
  2745 | D:3      | Reached skill level 4 in Maces & Flails
  2745 | D:3      | Reached XP level 5. HP: 34/37 MP: 4/4
  2987 | D:3      | XOM: torment (17/37 hp)
  3348 | D:3      | XOM: give mutations
  3348 | D:3      | Gained mutation: Your flesh is cold resistant. (rC+) [Xom's
                  | grace]
  3348 | D:3      | Gained mutation: You are agile. (Dex +2) [Xom's grace]
  3496 | D:4      | XOM: scenery: create altars
  3523 | D:4      | Slain by an orc

Skill      XL: |  1  2  3  4 |
---------------+-------------+-----
Dodging        | 1 2 |  2.2
Maces & Flails | 3 4 |  4.2
Armour         | 2 |  2.8
Fighting       | |  3.9

Action                   |  1- 3 |  4- 6 || total
-------------------------+-------+-------++-------
Melee: Mace              |    90 |   101 ||   191
  Use: Potion            |       |     2 ||     2
       Scroll            |       |     7 ||     7
 Stab: Distracted        |     1 |       ||     1
       Sleeping          |       |     1 ||     1
  Eat: Chunk             |     2 |     3 ||     5
       Ration            |       |     1 ||     1
Armor: Leather armour    |    38 |    30 ||    68
Dodge: Dodged            |    60 |    75 ||   135
